 Dungeon Crawl Stone Soup version 0.31-a0-675-g238779eb0a (webtiles) character file.

Game seed: 13186875384129028270

88 qw the Shooter (level 4, 0/28 HPs)
             Began as a Gargoyle Hunter on Sept 5, 2023.
             Slain by a gnoll
             ... wielding a +0 halberd
              (12 damage)
             ... on level 2 of the Dungeon.
             The game lasted 00:00:29 (743 turns).

qw the Shooter (Gargoyle Hunter)                     Turns: 743, Time: 00:00:30

Health: 0/28       AC:  9    Str: 14    XL:     4   Next: 53%
Magic:  4/4        EV: 11    Int: 10    God:
Gold:   80         SH:  0    Dex: 15    Spells: 3/3 levels left

rFire   . . .        Y - +0 shortbow
rCold   . . .        (shield currently unavailable)
rNeg    + . .        i - +0 acid dragon scales
rPois   inf          (no helmet)
rElec   +            (no cloak)
rCorr   +            (no gloves)
SInv    .            (no boots)
Will    .....        (no amulet)
Stlth   +            (no ring)
HPRegen 0.24/turn    (no ring)
MPRegen 0.09/turn

%: no passive effects
@: no status effects
A: sickness immunity, AC +3, negative energy resistance 1, electricity
resistance, torment resistance 1, petrification resistance
a: no special abilities


You were on level 2 of the Dungeon.
You visited 1 branch of the dungeon, and saw 2 of its levels.

You collected 80 gold pieces.


Innate Abilities, Weirdness & Mutations

You are immune to sickness and miasma.
Your stone body is resilient. (AC +3)
You are immune to poison.
You resist negative energy. (rN+)
You are resistant to electric shocks. (rElec)
You are resistant to unholy torment.
You are immune to petrification.


   Skills:
 - Level 3.0 Fighting
 + Level 5.2 Ranged Weapons
 - Level 1.4 Armour
 - Level 1.5 Dodging
 - Level 1.1 Stealth


You had 3 spell levels left.
You didn't know any spells.
Your spell library was empty.

Inventory:

Hand Weapons
 Y - a +0 shortbow (weapon)
Armour
 i - +0 acid dragon scales (worn)
Scrolls
 a - a scroll of teleportation {unknown}
 b - a scroll of identify {unknown}
Potions
 d - a potion of attraction {unknown}
 f - a potion of degeneration {unknown}
 h - a potion of invisibility {unknown}

Dungeon Overview and Level Annotations

Branches:
Dungeon (2/15)

Altars:


Message History

You shoot an arrow. The arrow hits the gnoll.
You kill the gnoll!
The gnoll closely misses you. The gnoll hits you but does no damage.
You shoot an arrow. The arrow hits the gnoll.
The gnoll is heavily wounded.
The gnoll hits you from afar with a +0 spear.
You shoot an arrow.
The arrow hits the gnoll but does no damage.
The gnoll is heavily wounded.
The gnoll hits you from afar with a +0 spear.
733 ||| Stepping ~*~*~tactically~*~*~ (outnumbered).
You shoot an arrow. The arrow completely misses the gnoll.
The gnoll misses you.
You shoot an arrow.
The arrow hits the gnoll but does no damage.
The gnoll is heavily wounded.
The gnoll hits you from afar with a +0 spear.
736 ||| Stepping ~*~*~tactically~*~*~ (outnumbered).
You start resting.
A gnoll is nearby!
You shoot an arrow. The arrow hits the gnoll.
The gnoll is almost dead.
The gnoll barely misses you. x2
You shoot an arrow. The arrow hits the gnoll.
The gnoll is heavily wounded.
The gnoll barely misses you. The gnoll closely misses you.
You shoot an arrow. The arrow closely misses the gnoll.
The gnoll barely misses you. The gnoll misses you.
You shoot an arrow. The arrow hits the gnoll.
The gnoll is almost dead.
The gnoll closely misses you.
The gnoll hits you from afar with a +0 spear.
You shoot an arrow. The arrow barely misses the gnoll.
The gnoll closely misses you.
The gnoll hits you from afar with a +0 spear.
You shoot an arrow. The arrow barely misses the gnoll.
The gnoll barely misses you.
The gnoll hits you from afar with a +0 spear.
The gnoll hits you with a +0 halberd!
You die...

####.....#####........#####
# #.....######............
#..................####
#..................#
#..................##
#.....###...........#
#.....# #.#####.##%.#
#.....# #.#gg<......#
#.....# #.#.#@#.#...#
####### #.#g###.....# #.#g.
#.....# .###g#.....###
.#....>..# #.......#
#.......# #.......#
#.......#


You could see 2 gnolls.

Vanquished Creatures
  2 adders (D:2)
  2 gnolls
  4 ball pythons
  3 endoplasms
  A giant cockroach (D:2)
  4 goblins (D:1)
  6 hobgoblins
  5 jackals
  4 kobolds (D:1)
  A quokka (D:2)
  4 bats (D:1)
  5 frilled lizards
  6 rats
47 creatures vanquished.

Notes
Turn   | Place    | Note
-------+----------+-------------------------------------------
     0 | D:1      | qw the Gargoyle Hunter began the quest for the Orb.
     0 | D:1      | Reached XP level 1. HP: 12/12 MP: 1/1
     0 | D:1      | 0 ||| qw: Version: 0.3-a-75-g829b12e
     0 | D:1      | 0 ||| qw: Game counter: 104
     0 | D:1      | 0 ||| qw: Melee chars always use a shield: true
     0 | D:1      | 0 ||| qw: God list: Okawaru
     0 | D:1      | 0 ||| qw: Allow faded altars: false
     0 | D:1      | 0 ||| qw: Do Orc after clearing Dungeon:15 true
     0 | D:1      | 0 ||| qw: Do second Lair branch before Depths: true
     0 | D:1      | 0 ||| qw: Lair rune preference: random
     0 | D:1      | 0 ||| qw: Goals: Normal
     0 | D:1      | 0 ||| PLANNING D:1-11
    34 | D:1      | Found a faded altar of an unknown god.
   126 | D:1      | Reached XP level 2. HP: 17/17 MP: 2/2
   151 | D:1      | 151 ||| RETREATING.
   153 | D:1      | 153 ||| Stepping ~*~*~tactically~*~*~ (retreating).
   154 | D:1      | 154 ||| Stepping ~*~*~tactically~*~*~ (retreating).
   293 | D:1      | Reached XP level 3. HP: 21/21 MP: 3/3
   331 | D:1      | Reached skill level 5 in Ranged Weapons
   575 | D:1      | 575 ||| UPGRADING to +0 ring mail.
   585 | D:1      | 585 ||| DROPPING +0 leather armour.
   586 | D:1      | 586 ||| UPGRADING to +0 acid dragon scales.
   596 | D:1      | 596 ||| DROPPING +0 ring mail.
   597 | D:1      | 597 ||| READING scroll labelled NYEQEZ PENUAM.
   598 | D:1      | 598 ||| READING scroll labelled ONKEEN RUULUA.
   599 | D:1      | 599 ||| DROPPING scroll of butterflies.
   645 | D:2      | Reached skill level 1 in Armour
   645 | D:2      | Reached XP level 4. HP: 27/27 MP: 4/4
   689 | D:2      | Reached skill level 3 in Fighting
   733 | D:2      | 733 ||| Stepping ~*~*~tactically~*~*~ (outnumbered).
   736 | D:2      | 736 ||| Stepping ~*~*~tactically~*~*~ (outnumbered).
   743 | D:2      | Slain by a gnoll

Levels and vault maps discovered:
D:1:      ebering_trefoil_3fold, layout_rooms, basic_ecumenical_altar,
          minmay_misc_feat_five, minmay_cut_off
D:2:      layout_basic, uniq_terence, uniq_jessica

Skill      XL: |  1  2  3  4 |
---------------+-------------+-----
Ranged Weapons | 5 |  5.2
Armour         | 1 |  1.4
Fighting       | 3 |  3.0
Dodging        | |  1.5
Stealth        | |  1.1

Action                     |  1- 3 |  4- 6 || total
---------------------------+-------+-------++-------
   Fire: Shortbow          |    95 |    31 ||   126
    Use: Scroll            |     2 |       ||     2
 Armour: Leather armour    |    32 |       ||    32
         Acid dragon scale |     1 |    11 ||    12
  Dodge: Dodged            |    43 |    15 ||    58

Table legend:
 A = Non-vault XP
 B = Vault XP
 C = Vault XP percentage of total XP
 D = Non-vault monster count
 E = Vault monster count
 F = Vault count percentage of total count
                 A         B        C        D         E       F
            +---------+---------+-------+---------+---------+-------
      Total |     122 |       4 |   3.2 |      44 |       3 |   6.4
            +---------+---------+-------+---------+---------+-------
        D:1 |      57 |       4 |   6.6 |      28 |       3 |   9.7
        D:2 |      65 |       0 |   0.0 |      16 |       0 |   0.0
            +---------+---------+-------+---------+---------+-------
